Map: 어스름 탑

Players

llllllllllll (Scarlett) - Winner!

  • Race: Zerg Zerg
  • League: Grandmaster

llllllllllll (Billowy)

  • Race: Protoss Protoss
  • League: Master

VOD

Have the link to the VOD?

Description

Time

  • Played on: April 14, 2016, 4:19 a.m.
  • Length: 5:38
Show
View Real Time Build Order
Export as new Build Order

llllllllllll Zerg - Winner!

Build Orders: Hatch First 

Get SALT Encoding   

  12  0:00  Drone  
  13  0:10  Drone  
  14  0:17  Overlord  
  14  0:26  Extractor, Drone  
  15  0:37  Drone x2  
  17  0:53  Hatchery  
  16  0:57  Drone  
  16  1:00  Drone  
  16  1:03  Extractor  
  17  1:15  Spawning Pool  
  17  1:18  Drone  
  17  1:21  Drone  
  18  1:30  Drone  
  19  1:39  Overlord  
  19  2:01  Zergling x4  
  19  2:05  Queen  
  19  2:06  Zergling x2  
  19  2:07  Metabolic Boost  
  24  2:17  Zergling x2  
  25  2:27  Spine Crawler  
  25  2:29  Spine Crawler  
  23  2:31  Zergling x4  
  23  2:34  Zergling x2  
  25  2:43  Zergling x4  
  24  3:07  Hatchery  
  24  3:10  Drone  
  24  3:12  Zergling x4  
  26  3:18  Zergling x2, Queen  
  29  3:31  Spine Crawler  
  28  3:37  Overlord x2  
  22  4:00  Spine Crawler  
  21  4:03  Zergling x4  
  23  4:11  Zergling x2  
  23  4:13  Queen  
  26  4:22  Queen  
  26  4:24  Zergling x2  
  29  4:27  Zergling x2  
  30  4:44  Zergling x4  
  32  4:46  Zergling x10  
  34  5:00  Zergling x2  
  34  5:09  Zergling x2  
  34  5:13  Zergling x6  
Show
View Real Time Build Order
Export as new Build Order

llllllllllll Protoss 

Build Orders: 1 Gate Expand 

Get SALT Encoding   

  12  0:01  Probe (Chrono Boost)  
  13  0:11  Probe (Chrono Boost)  
  14  0:21  Pylon  
  14  0:23  Probe (Chrono Boost)  
  15  0:39  Probe (Chrono Boost)  
  15  0:40  Gateway  
  17  0:50  Probe (Chrono Boost)  
  17  0:53  Assimilator  
  17  1:00  Probe (Chrono Boost)  
  18  1:11  Probe (Chrono Boost)  
  19  1:22  Nexus  
  19  1:32  Cybernetics Core  
  19  1:38  Zealot (Chrono Boost)  
  21  1:47  Probe  
  21  1:53  Pylon  
  22  1:59  Probe  
  23  2:12  Mothership Core  
  23  2:13  Zealot (Chrono Boost)  
  26  2:38  Stalker (Chrono Boost)  
  25  3:06  Probe  
  25  3:09  Adept (Chrono Boost)  
  28  3:18  Probe  
  28  3:19  Warp Gate (Chrono Boost)  
  29  3:24  Nexus  
  25  3:36  Zealot (Chrono Boost)  
  25  3:48  Probe  
  22  4:00  Probe  
  22  4:01  Stalker (Chrono Boost)  
  25  4:06  Assimilator  
  25  4:12  Probe  
  24  4:24  Probe  
  24  4:27  Stalker (Chrono Boost)  
  27  4:36  Probe  
  27  4:37  Probe  
  27  4:42  Gateway  
  27  4:44  Gateway  
  28  4:54  Probe  
  28  4:55  Probe  
  30  5:04  Probe  
  31  5:07  Probe  
  29  5:15  Probe  
  30  5:25  Pylon x2  
Tags
 
Add a new tag
Caveats
  • Supply blocks, unpowered buildings, or Contaminate may cause inaccurate times.
  • Supply counts are checked every 10 seconds.